 Dungeon Crawl Stone Soup version 0.28.0-45-g0d030f2227 (webtiles) character file.

Game seed: 15471180042330852315

2356 MisterFreud the Basher (level 7, -1/59 (62) HPs)
             Began as a Palentonga Fighter on Apr 3, 2022.
             Was a Believer of Ru.
             Slain by an orc warrior
             ... wielding a +1 trident of freezing
              (16 damage)
             ... on level 8 of the Dungeon.
             The game lasted 00:11:13 (6927 turns).

MisterFreud the Basher (Palentonga Fighter)         Turns: 6927, Time: 00:11:14

HP:   -1/59 (62)    AC: 17    Str: 23    XL:     7   Next: 20%
MP:   7/7           EV:  9    Int:  9    God:    Ru [**....]
Gold: 334           SH:  0    Dex: 19    Spells: 6/6 levels left

rFire   . . .      SeeInvis +   u - +9 spear of the Tent {vamp, Will- rCorr Dex+3}
rCold   . . .      Faith    .   c - +1 buckler
rNeg    . . .      Spirit   .   D - +0 steam dragon scales
rPois   .          Reflect  .   k - +0 helmet
rElec   .          Harm     .   v - +0 cloak
rCorr   +          Rampage  .   n - +0 pair of gloves
Will    .....                   (no barding)
Stlth   +.........              g - amulet of magic regeneration
HPRegen 0.19/turn               w - +6 ring of dexterity
MPRegen 0.50/turn               (no ring)

@: confused, lightly drained, curled up
A: large, rugged brown scales 3, see invisible, deformed body, inexperienced 1,
roll 1, armoured tail, reflexive curl
a: Rolling Charge, Renounce Religion


You were on level 8 of the Dungeon.
You worshipped Ru.
Ru was pleased with you.
You visited 2 branches of the dungeon, and saw 9 of its levels.

You collected 450 gold pieces.
You spent 116 gold pieces at shops.

Inventory:

Hand Weapons
 a - a +0 flail
 u - the +9 spear of the Tent (weapon) {vamp, Will- rCorr Dex+3}
   (You found it on level 5 of the Dungeon)

   It occasionally heals its wielder for a portion of the damage dealt when it
   wounds a living foe.
   Dex:       It affects your dexterity (+3).
   rCorr:     It protects you from acid and corrosion.
   Will:      It decreases your willpower.
Missiles
 h - 42 sling bullets
 B - 6 curare-tipped darts
Armour
 c - a +1 buckler (worn)
 k - a +0 helmet (worn)
 n - a +0 pair of gloves (worn)
 v - a +0 cloak (worn)
 D - +0 steam dragon scales (worn)
Jewellery
 g - an amulet of magic regeneration (around neck)
 w - a +6 ring of dexterity (left hand)
 z - a ring of protection from cold
Wands
 q - a wand of iceblast (16)
Scrolls
 e - 2 scrolls of enchant armour
 f - 2 scrolls of teleportation
 j - a scroll of torment {unknown}
 l - a scroll of blinking
 m - 3 scrolls of enchant weapon {unknown}
 r - a scroll of amnesia {unknown}
 s - a scroll of fear {unknown}
 t - a scroll of holy word {unknown}
 y - a scroll of brand weapon {unknown}
Potions
 d - 2 potions of might
 i - 2 potions of flight
 o - a potion of magic
 p - a potion of cancellation
 x - a potion of curing
 A - a potion of mutation {unknown}
 C - a potion of brilliance {unknown}


   Skills:
 - Level 6.0 Fighting
 - Level 8.0 Maces & Flails
 + Level 2.9 Polearms
 - Level 5.0 Armour
 - Level 5.0 Shields


You had 6 spell levels left.
You didn't know any spells.
Your spell library contained the following spells:

 Spells                   Type           Power      Damage    Failure   Level
 Magic Dart               Conj           0%         1d3       43%         1
 Pain                     Necr           0%         1d4       43%         1
 Sting                    Tmut/Pois      0%         1d3       43%         1
 Call Imp                 Summ           0%         N/A       58%         2
 Poisonous Vapours        Pois/Air       0%         N/A       58%         2
 Call Canine Familiar     Summ           0%         N/A       82%         3
 Mephitic Cloud           Conj/Pois/Air  0%         N/A       82%         3
 Portal Projectile        Hex/Tloc       0%         N/A       82%         3
 Leda's Liquefaction      Hex/Erth       0%         N/A       99%         4
 Olgreb's Toxic Radiance  Pois           0%         N/A       99%         4
 Agony                    Necr           0%         N/A       100%        5
 Excruciating Wounds      Necr           0%         N/A       100%        5


Dungeon Overview and Level Annotations

Branches:
Dungeon (8/15)             Temple (1/1) D:6
   Lair: D:8-11

Altars:
Ashenzari
Dithmenos
Elyvilon
Fedhas
Gozag
Hepliaklqana
Kikubaaqudgha
Makhleb
Okawaru
Qazlal
Ru
Trog
Uskayaw
Wu Jian
Xom
Yredelemnul
Zin
The Shining One

Shops:
D:1 [   D:5 *


Innate Abilities, Weirdness & Mutations

You are completely covered in rugged brown scales. (AC +3, +7% HP)
You have supernaturally acute eyesight. (SInv)
Armour fits poorly on your strangely shaped body.
You are somewhat inexperienced. (-2 XL)
You can roll at nearby foes to attack.
You have a long armoured tail.
You curl defensively after being hit. (AC +7*)


Message History

The orc wizard begins to cast a spell, but is stunned by your conviction!
The orc wizard mumbles some strange words.
The orc wizard flickers and vanishes for a moment.
Unknown command.
Unknown command.
The centaur shoots an arrow.
The arrow closely misses the orc wizard.
The arrow hits you but does no damage.
The orc warrior hits you from afar with a +1 trident of freezing.
The orc warrior freezes you.
You focus your inner power and illuminate the orc warrior in retribution!
The orc wizard gestures wildly while chanting.
The orc wizard flickers and vanishes for a moment.
The orc wizard hits you but does no damage.
The centaur shoots an arrow.
The arrow closely misses the orc wizard.
The arrow hits you but does no damage.
You hear a roar!
In your confused state, you trip and fall back down the stairs.
The orc warrior hits you from afar with a +1 trident of freezing!
The orc warrior freezes you.
The centaur shoots an arrow.
The arrow hits the orc wizard!
The arrow freezes the orc wizard.
The orc wizard hits you but does no damage.
Unknown command.
Unknown command.
Unknown command.
The orc warrior stops glowing.
The centaur shoots an arrow.
The arrow hits the orc wizard!
The arrow freezes the orc wizard.
The orc wizard dies!
The orc warrior hits you from afar with a +1 trident of freezing.
* * * LOW HITPOINT WARNING * * *
The orc warrior freezes you.
* * * LOW HITPOINT WARNING * * *
The orc wizard gestures at you while chanting.
You resist with significant effort.
The centaur shoots an arrow.
The arrow closely misses you.
In your confused state, you trip and fall back down the stairs.
* * * LOW HITPOINT WARNING * * *
The orc warrior hits you from afar with a +1 trident of freezing!
You die...

#.........
#.........
#.........
............#
... .. .. ...
#######. .##...
........
####..D.#
........
#@)..c..#
........
#.o..#.##
........
##.##..o.#.##.#
.......#
................
.......#
####.....)../...
<......#
##....$.....#
......##
............#
........
...............
........
...............


You could see a four-headed hydra, an orc warrior, a centaur and an orc wizard
(invisible).

Vanquished Creatures
  Grinder (D:3)
  A steam dragon (D:7)
  2 sky beasts
  2 black bears
  An ice beast (D:6)
  3 ogres
  A centaur (D:6)
  A phantom (D:7)
  3 bullfrogs (D:7)
  4 scorpions
  A water moccasin zombie (D:6)
  A centaur zombie (D:3)
  A bullfrog zombie (D:5)
  A jelly (D:5)
  2 hounds
  2 bullfrog skeletons
  A gnoll shaman (D:7)
  A centaur skeleton (D:7)
  Ijyb (D:4)
  An iguana (D:5)
  3 orc wizards
  4 hell rats (D:7)
  A hound zombie (D:5)
  Robin (D:3)
  5 river rats (D:7)
  5 adders
  A white imp (D:7)
  A worm (D:2)
  4 dart slugs
  8 orcs
  8 ball pythons
  An endoplasm (D:1)
  6 giant cockroaches
  8 hobgoblins
  3 jackals (D:1)
  8 quokkas
  3 bats
  3 frilled lizards
  16 goblins
  3 kobolds
  19 rats
142 creatures vanquished.

Vanquished Creatures (others)
  An orc wizard (D:8)
  5 toadstools (D:1)
6 creatures vanquished.

Grand Total: 148 creatures vanquished

Notes
Turn   | Place    | Note
-------+----------+-------------------------------------------
     0 | D:1      | MisterFreud the Palentonga Fighter began the quest for the
                  | Orb.
     0 | D:1      | Reached XP level 1. HP: 19/19 MP: 1/1
   329 | D:1      | Reached XP level 2. HP: 14/25 MP: 2/2
   494 | D:1      | Found Zysah's Armour Shoppe.
   603 | D:1      | Reached skill level 3 in Maces & Flails
   879 | D:2      | Reached XP level 3. HP: 31/31 MP: 3/3
  1202 | D:2      | Reached skill level 4 in Maces & Flails
  1546 | D:3      | Found a faded altar of an unknown god.
  1614 | D:3      | Reached XP level 4. HP: 37/37 MP: 4/4
  1720 | D:3      | Noticed Grinder
  1994 | D:3      | Reached skill level 5 in Maces & Flails
  2005 | D:3      | Paralysed by Grinder for 7 turns
  2275 | D:4      | Reached XP level 5. HP: 43/43 MP: 5/5
  2322 | D:4      | Noticed Robin
  2424 | D:3      | Killed Robin
  2478 | D:3      | Paralysed by Grinder for 2 turns
  2485 | D:3      | Killed Grinder
  2486 | D:3      | Reached skill level 6 in Maces & Flails
  2486 | D:3      | Reached XP level 6. HP: 37/50 MP: 6/6
  2850 | D:4      | Noticed Ijyb
  2854 | D:5      | Entered Level 5 of the Dungeon
  2856 | D:5      | Reached skill level 7 in Maces & Flails
  2972 | D:4      | Killed Ijyb
  3501 | D:5      | Gained mutation: You curl defensively after being hit. (AC
                  | +7*) [Palentonga growth]
  3501 | D:5      | Reached XP level 7. HP: 46/55 MP: 7/7
  3580 | D:5      | Found Bikeynao's Assorted Antiques.
  3588 | D:5      | Bought a scroll labelled KAIJAE JEYCOU for 29 gold pieces
  3588 | D:5      | Bought a scroll labelled PYGHUTT WOJEN for 29 gold pieces
  3588 | D:5      | Bought a scroll labelled HUNU GOVIUMN for 29 gold pieces
  3588 | D:5      | Bought a scroll labelled DUGISE AJAPP for 29 gold pieces
  3616 | D:5      | Reached skill level 8 in Maces & Flails
  3882 | D:5      | Reached skill level 5 in Fighting
  4437 | D:5      | Identified the +9 spear of the Tent {vamp, Will- rCorr
                  | Dex+3}
  4484 | D:6      | Reached XP level 8. HP: 56/68 MP: 8/8
  4580 | D:6      | Found a staircase to the Ecumenical Temple.
  4606 | Temple   | Entered the Ecumenical Temple
  4913 | Temple   | Became a worshipper of Ru the Awakened
  5716 | D:6      | Reached skill level 5 in Shields
  6470 | D:7      | Reached XP level 9. HP: 61/73 MP: 9/9
  6484 | D:7      | Reached skill level 5 in Armour
  6501 | D:7      | Reached skill level 1 in Polearms
  6556 | D:7      | Gained mutation: You are somewhat inexperienced. (-2 XL)
                  | [Ru sacrifice]
  6556 | D:7      | Reached XP level 8. HP: 68/68 MP: 8/8
  6556 | D:7      | Reached XP level 7. HP: 62/62 MP: 7/7
  6556 | D:7      | Reached * piety under Ru
  6556 | D:7      | Reached ** piety under Ru
  6874 | D:8      | Noticed a four-headed hydra
  6927 | D:8      | Slain by an orc warrior

Illustrated notes

Levels and vault maps discovered:
D:1:      ldierk_walled_garden, layout_rooms, serial_shops,
          nicolae_shop_behind_doors
D:2:      layout_loops_ring, minmay_fountain_box, serial_bayou_lagoon_a,
          hangedman_glass_teeth
D:3:      layout_rooms, nicolae_ecumenical_oubliette, uniq_grinder
D:4:      layout_rooms, uniq_robin, uniq_ijyb
D:5:      layout_basic, serial_shops, nicolae_shop_trees, kennysheep_minor_cross
D:6:      layout_gridville, minmay_temple_entry_sparse_star
D:7:      lemuel_ratsnest, layout_rooms
D:8:      layout_rooms
Temple:   mainiacjoe_temple_big_plus

Skill      XL: |  1  2  3  4  5  6  7  8  9 |
---------------+----------------------------+-----
Maces & Flails | 3 4 5 6 7 8 |  8.0
Fighting       | 6 |  6.0
Shields        | 5 |  5.0
Armour         | 4 5 |  5.0
Polearms       | 2 1 |  2.9

Action                   |  1- 3 |  4- 6 |  7- 9 || total
-------------------------+-------+-------+-------++-------
Melee: Flail             |   102 |    97 |   132 ||   331
       Tailslap          |    15 |    14 |    36 ||    65
       Spear             |       |       |    68 ||    68
Invok: Sacrifice Experie |       |       |     1 ||     1
 Abil: Rolling Charge    |    24 |    19 |    22 ||    65
  Use: Scroll            |       |       |     7 ||     7
 Stab: Distracted        |       |       |     2 ||     2
Armor: Scale mail        |    45 |    52 |    53 ||   150
       Steam dragon scal |       |       |    35 ||    35
Dodge: Dodged            |    30 |    25 |    60 ||   115
Block: Buckler           |    11 |    16 |    52 ||    79
